 Dungeon Crawl Stone Soup version 0.29.1-2-gbd0b4ee654 (webtiles) character file.

Game seed: 10000314129263890512

2394 llahlahkje the Poker (level 9, -3/86 (88) HPs)
             Began as a Troll Fighter on Nov 2, 2022.
             Was a Plaything of Xom.
             Slain by an orc warrior
             ... wielding a +0 broad axe
             ... summoned by Xom
              (19 damage)
             ... on level 6 of the Dungeon.
             The game lasted 00:24:47 (4591 turns).

llahlahkje the Poker (Troll Fighter)                Turns: 4591, Time: 00:24:48

HP:   -3/86 (88)    AC:  6    Str: 30      XL:     9   Next: 22%
MP:   8/8           EV:  9    Int:  4      God:    Xom [.*....]
Gold: 405           SH:  9    Dex:  7 (9)  Spells: 8/8 levels left

rFire   . . .      SeeInvis .   j - +7 sceptre of Torment {pain, torment}
rCold   . . .      Faith    .   c - +1 kite shield
rNeg    + . .      Spirit   .   b - +0 robe
rPois   +          Reflect  .   (helmet restricted)
rElec   .          Harm     .   y - +1 cloak {rPois}
rCorr   +          Rampage  .   (gloves unavailable)
Will    .....                   (boots unavailable)
Stlth   +.........              (no amulet)
HPRegen 1.04/turn               n - ring of resist corrosion
MPRegen 0.11/turn               o - ring of positive energy

@: lightly drained
A: large, unfitting armour, claws 3, regeneration 1, shaggy fur 1, tough skin 1
a: Renounce Religion


You were on level 6 of the Dungeon.
You worshipped Xom.
You were a plaything of Xom.
You visited 1 branch of the dungeon, and saw 6 of its levels.
You also visited: Sewer.

You collected 405 gold pieces.

Inventory:

Hand Weapons
 a - a +0 vorpal flail
 f - a +1 spear of distortion
 j - the +7 sceptre of Torment (weapon) {pain, torment}
   (You took it off a kobold on level 3 of the Dungeon)

   In the hands of one skilled in necromantic magic, it inflicts extra damage on
   living creatures.
   It occasionally torments all nearby living foes when it strikes in combat.
 x - a +4 quarterstaff of chaos
Armour
 b - a +0 robe (worn)
 c - a +1 kite shield (worn)
 y - a +1 cloak of poison resistance (worn)
Jewellery
 l - an amulet of magic regeneration
 n - a ring of resist corrosion (left claw)
 o - a ring of positive energy (right claw)
Wands
 k - a wand of mindburst (20)
 w - a wand of digging (4)
Scrolls
 m - a scroll of immolation
 r - a scroll of teleportation
 v - 2 scrolls of blinking
Potions
 d - 3 potions of might
 e - a potion of cancellation
 g - 4 potions of curing
 h - a potion of lignification
 i - 2 potions of resistance
 p - a potion of flight
 q - a potion of brilliance {unknown}
 s - a potion of heal wounds {unknown}
 t - a potion of invisibility {unknown}
 u - 2 potions of haste


   Skills:
 + Level 5.0 Fighting
 - Level 1.7 Maces & Flails
 * Level 6.0 Polearms
 + Level 5.7 Dodging
 + Level 0.9 Stealth
 + Level 5.6 Shields
 + Level 0.2 Evocations


You had 8 spell levels left.
You didn't know any spells.
Your spell library contained the following spells:

 Spells                   Type           Power      Damage    Failure   Level
 Apportation              Tloc           0%         N/A       77%         1
 Magic Dart               Conj           0%         1d3       77%         1
 Blink                    Tloc           0%         N/A       88%         2
 Call Imp                 Summ           0%         N/A       88%         2
 Ensorcelled Hibernation  Hex/Ice        0%         N/A       88%         2
 Gell's Gravitas          Tloc           0%         N/A       98%         3
 Mephitic Cloud           Conj/Pois/Air  0%         N/A       98%         3
 Portal Projectile        Hex/Tloc       0%         N/A       98%         3
 Tukima's Dance           Hex            0%         N/A       98%         3
 Anguish                  Hex/Necr       0%         N/A       100%        4
 Blade Hands              Tmut           0%         N/A       100%        5
 Enfeeble                 Hex            0%         N/A       100%        7


Dungeon Overview and Level Annotations

Branches:
Dungeon (6/15)              Sewer (visited)
 Temple: D:4-7

Altars:
Elyvilon
Kikubaaqudgha
Makhleb
Xom


Innate Abilities, Weirdness & Mutations

You are too large for most types of armour.
You have claws for hands.
Your natural rate of healing is unusually fast.
You are covered in fur. (AC +1)
You have tough skin. (AC +1)


Message History

You kill the shadow imp!
The shadow imp disappears in a puff of smoke!
You block the orc's attack.
The orc priest invokes the aid of Xom against you.
Pain shoots through your body!
The orc priest attacks as you move away!
You block the orc priest's attack. The orc attacks as you move away!
The orc hits you but does no damage. You block the orc warrior's attack.
You closely miss the orc. You block the orc's attack.
You hit the orc warrior but do no damage.
The orc warrior hits you with a +0 broad axe!
You closely miss the orc warrior. You block the orc warrior's attack.
The orc priest begins to cast a cantrip, but forgets the words!
The orc priest miscasts a cantrip.
You block the orc warrior's attack.
You barely miss the orc warrior. The orc warrior barely misses you.
You hit the orc warrior but do no damage.
The orc warrior hits you with a +0 broad axe!
The orc priest mumbles some strange prayers to Xom against you.
Xom smites you!
The orc warrior hits you with a +0 broad axe.
You hit the orc warrior but do no damage.
You block the orc warrior's attack.
You closely miss the orc warrior. You block the orc warrior's attack.
The orc warrior hits you with a +0 broad axe!
You puncture the orc warrior!
The orc warrior is moderately wounded.
The orc priest mumbles some strange prayers to Xom against you.
Xom smites you! The orc warrior closely misses you.
You closely miss the orc warrior.
The orc warrior is moderately wounded.
The orc warrior closely misses you.
The orc priest invokes the aid of Xom against you.
Xom smites you!
* * * LOW HITPOINT WARNING * * *
Xom is mildly amused.
You block the orc warrior's attack.
The orc warrior attacks as you move away!
The orc warrior hits you with a +0 broad axe!!
You die...

.# #..# #.# .# #..# #.##
.##### #..# #..# .....# #..#
##.# .###.# #..## #.# .#
#.######...# #.# .#
#.........o## ########.# .#
########..oo#########.........
## #..ooo@........######.#
#..oo########### #.#
#####...## #.# #.......##
#########.# ####...#.#..#
#.........# ####.รท.).....#.#
#.######### .....###.###...#
#.######### ###..# #.# #...#
#.......... #..# #'###.#.#
###########


You could see an orc warrior (summoned), 2 orc priests and 5 orcs.

Vanquished Creatures
  Prince Ribbit (D:5)
  A shadow (D:5)
  Edmund (D:5)
  2 water moccasins
  An ogre (D:5)
  4 phantoms
  A kobold brigand (Sewer)
  A necrophage (D:6)
  3 scorpions
  4 wights (D:6)
  3 hounds
  Crazy Yiuf (D:6)
  4 orc priests
  A gnoll bouda (D:5)
  2 iguanas (D:5)
  2 orc wizards (D:6)
  2 scorpion zombies (D:4)
  A hound zombie (D:4)
  9 adders
  3 gnolls (D:5)
  3 river rats
  A shadow imp (D:6)
  A white imp (D:6)
  3 adder zombies (D:4)
  3 worms
  2 dart slugs
  12 orcs
  6 endoplasms
  13 giant cockroaches
  8 goblins
  4 hobgoblins
  2 jackals (Sewer)
  9 kobolds
  2 quokkas
  15 ball pythons
  2 bats
  10 frilled lizards
  12 rats
155 creatures vanquished.

Vanquished Creatures (collateral kills)
  A necrophage (D:4)
  A hound skeleton (D:4)
  A goblin (D:4)
3 creatures vanquished.

Vanquished Creatures (others)
  An orc wizard (D:4)
  26 plants
  4 withered plants (D:4)
31 creatures vanquished.

Grand Total: 189 creatures vanquished

Notes
Turn   | Place    | Note
-------+----------+-------------------------------------------
     0 | D:1      | llahlahkje the Troll Fighter began the quest for the Orb.
     0 | D:1      | Reached XP level 1. HP: 22/22 MP: 0/0
    62 | D:1      | Got the Quarto of Peregrination and Imprecation
   141 | D:1      | Reached XP level 2. HP: 29/29 MP: 1/1
   444 | D:2      | Found a faded altar of an unknown god.
   581 | D:2      | Reached skill level 1 in Polearms
   615 | D:2      | Reached XP level 3. HP: 36/36 MP: 2/2
   656 | D:2      | Found a shimmering altar of Xom.
   683 | D:2      | Became a worshipper of Xom of Enforced Whimsey
   868 | D:2      | XOM: silly message
   874 | D:2      | XOM: potion effect (might)
  1025 | D:2      | XOM: silly message
  1041 | D:2      | You fall into a shaft and drop 2 floors!
  1058 | D:4      | Noticed a phantom
  1060 | D:4      | XOM: silly message
  1061 | D:4      | XOM: silly message
  1075 | D:4      | Noticed a phantom
  1082 | D:4      | Killed a phantom
  1083 | D:4      | Reached skill level 2 in Polearms
  1083 | D:4      | Reached XP level 4. HP: 40/44 MP: 3/3
  1359 | D:3      | Reached XP level 5. HP: 52/52 MP: 4/4
  1633 | D:3      | XOM: noise
  1728 | D:3      | XOM: cloud trail
  1799 | D:3      | Found a white marble altar of Elyvilon.
  1825 | D:3      | XOM: stat loss: -1 Str (25/26)
  1882 | D:4      | XOM: snakes to sticks
  1887 | D:4      | XOM: cast spell 'Summon Hydra'
  1891 | D:4      | Reached skill level 3 in Polearms
  1917 | D:4      | Reached XP level 6. HP: 61/61 MP: 5/5
  1983 | D:4      | Reached skill level 4 in Polearms
  2072 | D:4      | XOM: chaos cloud
  2092 | D:4      | Reached XP level 7. HP: 61/67 MP: 6/6
  2322 | D:5      | Entered Level 5 of the Dungeon
  2414 | D:5      | XOM: cast spell 'Necromutation'
  2416 | D:5      | XOM: noise
  2481 | D:5      | Reached skill level 5 in Polearms
  2582 | D:5      | Noticed a shadow
  2582 | D:5      | XOM: destruction
  2587 | D:5      | Reached XP level 8. HP: 61/78 MP: 7/7
  2663 | D:5      | XOM: divination: magic mapping
  2874 | D:5      | Found a glowing drain.
  2878 | Sewer    | Entered a sewer
  2997 | Sewer    | XOM: cast spell 'Olgreb's Toxic Radiance'
  2998 | Sewer    | XOM: confuse monster(s)
  3582 | D:5      | Noticed Prince Ribbit
  3594 | D:5      | Killed Prince Ribbit
  3595 | D:5      | Reached skill level 5 in Dodging
  3595 | D:5      | Reached skill level 5 in Shields
  3688 | D:5      | Noticed Edmund
  3695 | D:5      | Killed Edmund
  3719 | D:5      | XOM: summons 5 hostile demons
  3890 | D:6      | XOM: silly message
  3981 | D:6      | Reached XP level 9. HP: 79/85 MP: 8/8
  4010 | D:6      | Found a burning altar of Makhleb.
  4216 | D:6      | Found an ancient bone altar of Kikubaaqudgha.
  4245 | D:6      | Reached skill level 5 in Fighting
  4245 | D:6      | Reached skill level 6 in Polearms
  4384 | D:6      | XOM: silly message
  4445 | D:6      | Found a runed translucent door.
  4446 | D:6      | Noticed Crazy Yiuf
  4451 | D:6      | Killed Crazy Yiuf
  4577 | D:6      | XOM: summons 3 hostile shadow creatures
  4591 | D:6      | Slain by an orc warrior

Illustrated notes

Levels and vault maps discovered:
D:1:      ncdulo_wetmaze, layout_rooms, minmay_liquid_box
D:2:      layout_basic, basic_ecumenical_altar, basic_altar
D:3:      minmay_roachtagon, layout_loops_ring, nicolae_elyvilon_temple_path
D:4:      layout_basic, serial_undead, serial_undead_a, serial_undead_b,
          serial_undead_c, serial_undead_d, serial_undead_b, serial_undead_f,
          minmay_misc_feat_cross
D:5:      layout_gridville, gup_sewer_entry_spiral, uniq_prince_ribbit1,
          uniq_edmund
D:6:      layout_loops_ring, kennysheep_little_box, lemuel_doored_altar,
          uniq_crazy_yiuf_cottage

Skill      XL: |  1  2  3  4  5  6  7  8  9 |
---------------+----------------------------+-----
Shields        | 3 4 5 |  5.6
Polearms       | 1 2 3 4 5 6 |  6.0
Dodging        | 3 4 5 |  5.7
Fighting       | 3 4 5 |  5.0
Maces & Flails | |  1.7
Stealth        | |  0.9
Evocations     | |  0.2

Action                   |  1- 3 |  4- 6 |  7- 9 || total
-------------------------+-------+-------+-------++-------
Melee: Spear             |    85 |   119 |       ||   204
       Flail             |     1 |       |       ||     1
       Eveningstar       |       |    14 |   248 ||   262
Evoke: Wand              |       |       |     4 ||     4
  Use: Scroll            |     5 |     5 |    10 ||    20
       Potion            |       |       |     1 ||     1
Armor: Robe              |    18 |    64 |   108 ||   190
Dodge: Dodged            |    29 |    58 |   146 ||   233
Block: Kite shield       |    35 |    68 |   164 ||   267
